 Dungeon Crawl Stone Soup version 0.25.1-2-g60ff931df9 (webtiles) character file.

Game seed: 11526735981783786479

245 funkygono the Conjurer (level 5, -10/28 HPs)
             Began as a Deep Elf Conjurer on Aug 23, 2020.
             Mangled by Crazy Yiuf
             ... wielding a +4 quarterstaff of chaos
              (15 damage)
             ... on level 4 of the Dungeon.
             The game lasted 00:06:49 (3546 turns).

funkygono the Conjurer (Deep Elf Conjurer)          Turns: 3546, Time: 00:06:50

Health: -10/28     AC:  3    Str:  5    XL:     5   Next: 83%
Magic:  11/15      EV: 13    Int: 21    God:
Gold:   165        SH:  0    Dex: 15    Spells: 5/15 levels left

rFire    . . .     SeeInvis .   h - +2 short sword (flame)
rCold    . . .     Gourm    .   (no shield)
rNeg     . . .     Faith    .   a - +0 robe
rPois    +         Spirit   .   f - +0 helmet
rElec    .         Reflect  .   (no cloak)
rCorr    .         Harm     .   (no gloves)
MR       .....                  (no boots)
Stlth    +.........             l - amulet of magic regeneration
HPRegen  0.09/turn              g - ring of poison resistance
MPRegen  0.39/turn              q - ring of attention (curse)

@: very slightly contaminated, slowed, invisible, very slow
A: no striking features
a: no special abilities


You were on level 4 of the Dungeon.
You were not hungry.

You visited 1 branch of the dungeon, and saw 4 of its levels.

You collected 165 gold pieces.

Inventory:

Hand Weapons
 h - a +2 short sword of flaming (weapon)
Missiles
 b - 101 stones (quivered)
Armour
 a - a +0 robe (worn)
 f - a +0 helmet (worn)
Jewellery
 g - a ring of poison resistance (left hand)
 l - an amulet of magic regeneration (around neck)
 q - a cursed ring of attention (right hand)
Scrolls
 k - 2 scrolls of blinking
 n - a scroll of remove curse
Potions
 d - a potion of flight
 e - a potion of haste
 i - a potion of resistance
 j - a potion of curing
 m - 2 potions of lignification
 o - 2 potions of ambrosia
 r - a potion of degeneration {unknown}
Comestibles
 c - 3 rations
 p - 12 chunks of flesh


   Skills:
 + Level 2.7 Dodging
 + Level 3.0 Stealth
 + Level 5.6 Spellcasting
 + Level 6.4 Conjurations


You had 5 spell levels left.
You knew the following spells:

 Your Spells              Type           Power        Failure   Level  Hunger
a - Magic Dart            Conj           ####         1%          1    None
b - Searing Ray           Conj           ####..       1%          2    None
c - Dazzling Flash        Conj/Hex       ###...       9%          3    ##.....
d - Iskenderun's Mystic   Conj/Tloc      ###.....     26%         4    ####...

Your spell library contained the following spells:

 Spells                   Type           Power        Failure   Level  Hunger
 Animate Skeleton         Necr           N/A          10%         1    None
 Apportation              Tloc           #.....       10%         1    None
 Corona                   Hex            #......      10%         1    None
 Summon Small Mammal      Summ           #...         10%         1    None
 Fulminant Prism          Conj/Hex       ###.......   26%         4    ####...


Dungeon Overview and Level Annotations

Branches:
Dungeon (4/15)
 Temple: D:4-7

Altars:
Trog

Annotations:
D:4 Crazy Yiuf


Message History

Aiming: Magic Dart (safe; 1% risk of failure)
Press: ? - help, Shift-Dir - straight line, f/p - Crazy Yiuf
Aim: Crazy Yiuf, wielding a +4 quarterstaff of chaos and wearing a +0 cloak (almost dead)
The magic dart hits Crazy Yiuf.
Crazy Yiuf is almost dead.
Crazy Yiuf cries, "Blight alas Xom!"
Crazy Yiuf hits you with a +4 quarterstaff of chaos!
* * * LOW HITPOINT WARNING * * *
You fade into invisibility!
You are very lightly contaminated with residual magic.
Casting: Magic Dart (safe; 1% risk of failure)
Confirm with . or Enter, or press ? or * to list all spells.
Aiming: Magic Dart (safe; 1% risk of failure)
Press: ? - help, Shift-Dir - straight line, f/p - Crazy Yiuf
Aim: Crazy Yiuf, wielding a +4 quarterstaff of chaos and wearing a +0 cloak (almost dead)
The magic dart hits Crazy Yiuf.
Crazy Yiuf is almost dead.
Crazy Yiuf hits you with a +4 quarterstaff of chaos!
Ouch! That really hurt!
You die...

###.......#
##.........###
##...##..# #.......###
# #...###### #......##
# ##...# ####.### ###
#...## ### #.. #...#
#.... ....######♣♣ ###
..... .........#P♣♣
♣♣#..)# .P...
...###....P.♣♣♣♣@g...#
.♣... ...
##......♣..♣#...# ♣P..
... ##.#..♣.♣♣♣ ###
.[. ..# ###♣♣♣♣♣ ...
.. ... .. .#. ... .#


You could see Crazy Yiuf.

Vanquished Creatures
  A crimson imp (D:4)
  An orc wizard (D:3)
  A worker ant (D:2)
  5 adders
  An ooze (D:4)
  2 adder skeletons (D:4)
  3 worms
  A dart slug (D:1)
  3 leopard geckos
  12 orcs
  5 giant cockroaches
  4 goblins (D:2)
  7 hobgoblins
  5 jackals (D:3)
  A quokka (D:3)
  9 bats
  3 frilled lizards
  12 kobolds
  A leopard gecko skeleton (D:4)
  9 rats
86 creatures vanquished.

Notes
Turn   | Place    | Note
-------+----------+-------------------------------------------
     0 | D:1      | funkygono the Deep Elf Conjurer began the quest for the
                  | Orb.
     0 | D:1      | Reached XP level 1. HP: 10/10 MP: 6/6
   272 | D:1      | Reached XP level 2. HP: 4/15 MP: 4/8
   276 | D:1      | Learned a level 2 spell: Searing Ray
   816 | D:2      | Reached skill level 5 in Conjurations
  1057 | D:2      | Reached XP level 3. HP: 16/19 MP: 5/9
  1353 | D:2      | Reached XP level 4. HP: 24/24 MP: 7/11
  1911 | D:2      | Learned a level 3 spell: Dazzling Flash
  2033 | D:3      | Found a bloodstained altar of Trog.
  2250 | D:3      | Reached skill level 6 in Conjurations
  2250 | D:3      | Reached XP level 5. HP: 15/28 MP: 9/13
  3402 | D:4      | Reached skill level 5 in Spellcasting
  3486 | D:4      | Learned a level 4 spell: Iskenderun's Mystic Blast
  3535 | D:4      | Found a runed translucent door.
  3536 | D:4      | Noticed Crazy Yiuf
  3546 | D:4      | Mangled by Crazy Yiuf

Illustrated notes

Levels and vault maps discovered:
D:1:      lightli_molten_gateway, layout_basic, st_stairs_14,
          hangedman_abyss_or_decor_stabs, minmay_pentomino_u4
D:2:      layout_loops_ring, corner_web_ring
D:3:      minmay_angry_zag, layout_loops_corners, marbit_many_paths,
          first_ration, serial_bayou_pond_a
D:4:      layout_cave_pods, serial_forest, infiniplex_forest_clump_large,
          infiniplex_forest_clump_C, infiniplex_forest_clump_tiny,
          infiniplex_forest_clump_small, infiniplex_forest_straight_3,
          infiniplex_forest_clump_curved, infiniplex_forest_lined_3,
          infiniplex_forest_lined_2, infiniplex_forest_lined_3_way,
          infiniplex_forest_lined_3, st_stairs_11, uniq_crazy_yiuf_cottage

Skill      XL: |  1  2  3  4  5 |
---------------+----------------+-----
Conjurations   | 5 6 |  6.4
Spellcasting   | 4 5 |  5.6
Stealth        | 3 |  3.0
Dodging        | |  2.7

Action                   |  1- 3 |  4- 6 || total
-------------------------+-------+-------++-------
Melee: Short sword       |       |     3 ||     3
 Cast: Magic Dart        |    43 |   121 ||   164
       Searing Ray       |     4 |     7 ||    11
  Use: Scroll            |     5 |     7 ||    12
  Eat: Chunk             |     1 |     5 ||     6
       Ration            |       |     1 ||     1
Armor: Robe              |     1 |     2 ||     3
Dodge: Dodged            |     4 |    19 ||    23
